 Dungeon Crawl Stone Soup version 0.28.0-43-g3370ac3207 (webtiles) character file.

Game seed: 18028228595808203155

193 Descartes the Grasshopper (level 5, -1/26 HPs)
             Began as a Felid Warper on Mar 2, 2022.
             Slain by Grinder (3 damage)
             ... on level 4 of the Dungeon.
             The game lasted 00:07:56 (6600 turns).

Descartes the Grasshopper (Felid Warper)            Turns: 6600, Time: 00:07:56

Health: -1/26      AC:  1    Str:  9    XL:     5   Next: 43%
Magic:  11/11      EV: 19    Int: 14    God:
Gold:   114        SH:  0    Dex: 16    Spells: 3/10 levels left
                                        Lives:  0   Deaths: 1

rFire   . . .      SeeInvis +     - Unarmed
rCold   . . .      Faith    .   (shield unavailable)
rNeg    . . .      Spirit   .   (armour unavailable)
rPois   .          Reflect  .   (helmet unavailable)
rElec   .          Harm     .   (cloak unavailable)
rCorr   .          Rampage  .   (gloves unavailable)
Will    .....                   (boots unavailable)
Stlth   +++.......              (no amulet)
HPRegen 0.08/turn               (no ring)
MPRegen 0.12/turn               (no ring)

@: quick
A: very small, claws 1, fangs 3, see invisible, speed 1, shaggy fur 1, stealthy
paws, no weapons or thrown items, no armour, multi-lived, high MP 1, robust 1
a: no special abilities


You were on level 4 of the Dungeon.
You visited 1 branch of the dungeon, and saw 5 of its levels.
You also visited: Sewer.

You collected 114 gold pieces.

Inventory:

Wands
 n - a wand of digging (8)
Scrolls
 a - 2 scrolls of blinking
 c - a scroll of fear
 f - 5 scrolls of identify {unknown}
 h - 2 scrolls of magic mapping
 i - a scroll of brand weapon {unknown}
 k - 3 scrolls of teleportation {unknown}
 m - a scroll of torment {unknown}
Potions
 b - a potion of ambrosia
 d - a potion of brilliance {unknown}
 e - a potion of curing {unknown}
 g - a potion of flight
 j - a potion of mutation
 l - a potion of haste


   Skills:
 - Level 3.0 Fighting
 * Level 4.4 Dodging
 * Level 4.2 Stealth
 + Level 3.0 Unarmed Combat
 - Level 3.0 Spellcasting
 + Level 5.6 Translocations


You had 3 spell levels left.
You knew the following spells:

 Your Spells              Type           Power      Damage    Failure   Level
a - Blink                 Tloc           34%        N/A       3%          2
b - Manifold Assault      Tloc           17%        N/A       52%         5

Your spell library contained the following spells:

 Spells                   Type           Power      Damage    Failure   Level
 Gell's Gravitas          Tloc           17%        N/A       6%          3
 Lesser Beckoning         Tloc           17%        N/A       6%          3
 Teleport Other           Tloc           17%        N/A       6%          3
 Leda's Liquefaction      Hex/Erth       1%         N/A       91%         4
 Lee's Rapid Deconstruct  Erth           1%         3d5*      99%         5
 Statue Form              Tmut/Erth      1%         N/A       100%        6


Dungeon Overview and Level Annotations

Branches:
Dungeon (5/15)              Sewer (visited)
 Temple: D:4-7

Altars:
Cheibriados
Zin

Annotations:
D:3 3 runed translucent doors, Terence; Zero0's ghost, amateur HOFi
D:4 Grinder


Innate Abilities, Weirdness & Mutations

You have sharp claws.
You have razor-sharp teeth.
You have supernaturally acute eyesight. (SInv)
You cover ground quickly. (Speed+)
You are covered in fur. (AC +1)
Your paws help you pounce on unaware monsters.
You are incapable of wielding weapons or throwing items.
You cannot wear armour.
You gain extra lives every three experience levels.
You have an increased reservoir of magic. (+10% MP)
You are robust. (+10% HP)


Message History

Grinder is moderately wounded.
Grinder blinks!
Grinder gestures at you. You resist with some effort.
You are too injured to fight recklessly!
You closely miss Grinder.
Grinder is moderately wounded.
Grinder completely misses you.
You closely miss Grinder. You bite Grinder, but do no damage.
Grinder is moderately wounded.
Grinder blinks!
You barely miss Grinder.
Grinder is moderately wounded.
Grinder completely misses you.
You scratch Grinder.
Grinder is moderately wounded.
Grinder closely misses you.
You closely miss Grinder.
Grinder is moderately wounded.
Grinder closely misses you.
You scratch Grinder.
Grinder is heavily wounded.
You scratch Grinder.
Grinder is heavily wounded.
Grinder hits you.
* * * LOW HITPOINT WARNING * * *
You writhe in agony.
* * * LOW HITPOINT WARNING * * *
You completely miss Grinder.
Grinder is heavily wounded.
Grinder closely misses you.
You closely miss Grinder. You bite Grinder, but do no damage.
Grinder is heavily wounded.
Grinder completely misses you.
You scratch Grinder. Your bite misses Grinder.
Grinder is severely wounded.
Grinder hits you.
* * * LOW HITPOINT WARNING * * *
You writhe in agony.
You die...

### ##### #.. #...
#######.###.######.##
........).(..........
######.###5#.####.#
#....#.#..@#....# #
#...#.....<..#.#
#.#.##...#..†.......#
#....#...#.###############
#....#...#.#......#......#
#....#...#........#.####.#
#........##########.# #.#
#....##........l†...# #.#
#.....5........###.#####.#


You could see Grinder.

Vanquished Creatures
  A scorpion (D:4)
  Jessica (D:2)
  An iguana (D:4)
  A hell rat (Sewer)
  4 river rats (Sewer)
  4 adders
  An ufetubus (D:4)
  3 worms
  A dart slug (D:2)
  A bat (D:2)
  5 endoplasms
  5 giant cockroaches
  4 hobgoblins
  8 kobolds
  3 quokkas
  7 ball pythons
  2 frilled lizards
  9 goblins
  9 rats
70 creatures vanquished.

Vanquished Creatures (collateral kills)
  An adder (D:3)
1 creature vanquished.

Vanquished Creatures (others)
  2 fungi (D:3)
  2 plants (D:3)
4 creatures vanquished.

Grand Total: 75 creatures vanquished

Notes
Turn   | Place    | Note
-------+----------+-------------------------------------------
     0 | D:1      | Descartes the Felid Warper began the quest for the Orb.
     0 | D:1      | Reached XP level 1. HP: 9/9 MP: 4/4
   237 | D:1      | Reached XP level 2. HP: 9/13 MP: 6/6
   658 | D:1      | Reached skill level 1 in Stealth
  1030 | D:2      | Noticed Jessica
  1347 | D:2      | Killed Jessica
  1348 | D:2      | Reached XP level 3. HP: 15/16 MP: 7/7
  1962 | D:2      | Found a faded altar of an unknown god.
  2495 | D:2      | Reached XP level 4. HP: 15/20 MP: 8/8
  2724 | D:2      | Reached skill level 5 in Translocations
  3523 | D:3      | Found a glowing silver altar of Zin.
  3669 | D:3      | Found a glowing drain.
  3707 | D:3      | Gained mutation: You are robust. (+10% HP) [potion of
                  | mutation]
  3707 | D:3      | Gained mutation: You have an increased reservoir of magic.
                  | (+10% MP) [potion of mutation]
  3740 | Sewer    | Entered a sewer
  3770 | Sewer    | Reached XP level 5. HP: 25/25 MP: 11/11
  4220 | D:3      | Found a runed translucent gate.
  4220 | D:3      | Found a runed translucent gate.
  4220 | D:3      | Found a runed translucent gate.
  4223 | D:3      | Noticed Zero0's ghost (amateur HOFi)
  4377 | D:3      | Noticed Terence
  4848 | D:4      | Noticed a lemure
  4849 | D:4      | Noticed a lemure
  4919 | D:4      | Learned a level 2 spell: Blink
  4925 | D:4      | Learned a level 5 spell: Manifold Assault
  5383 | D:4      | Found a snail-covered altar of Cheibriados.
  5435 | D:4      | Noticed a lemure
  5826 | D:4      | Noticed Grinder
  5837 | D:4      | Slain by an iguana
  5838 | D:4      | Reached XP level 4. HP: 0/22 MP: 10/10
  5841 | D:4      | Noticed a scorpion
  5853 | D:4      | Killed a scorpion
  5854 | D:4      | Reached XP level 5. HP: 17/26 MP: 11/11
  6013 | D:5      | Entered Level 5 of the Dungeon
  6295 | D:4      | Noticed a lemure
  6600 | D:4      | Slain by Grinder

Illustrated notes

Levels and vault maps discovered:
D:1:      minmay_arrival_checkered_box, layout_rooms
D:2:      layout_basic, dreamdust_ecumenical_altar_statues, serial_rivers,
          chequers_serial_rivers_micro_d, chequers_serial_rivers_marsh,
          chequers_serial_rivers_micro_a, chequers_serial_rivers_small_b,
          grunt_ministairs_8, uniq_jessica
D:3:      layout_loops_corners, mainiacjoe_overflow_concentric_impassable,
          gup_sewer_entry_glass, serial_forest, infiniplex_forest_clump_long,
          infiniplex_forest_lined_room_2, infiniplex_forest_clump_curved,
          infiniplex_forest_straight_2, infiniplex_forest_clump_long,
          infiniplex_forest_end_1, gammafunk_ghost_nasty_kobolds,
          minmay_misc_feat_plants, uniq_terence
D:4:      layout_basic, cheibriados_altar_1, uniq_pikel, uniq_grinder
D:5:      layout_loops_ring, lemuel_tele_altar, xom_teletrap_fun,
          makhleb_blood_cavern_becter, nemelex_spade_bored_becter

Skill      XL: |  1  2  3  4  5 |
---------------+----------------+-----
Stealth        | 1 2 4 3 |  4.2
Translocations | 5 |  5.6
Spellcasting   | 3 |  3.0
Dodging        | 4 |  4.4
Fighting       | 3 |  3.0
Unarmed Combat | 3 |  3.0

Action                   |  1- 3 |  4- 6 || total
-------------------------+-------+-------++-------
Melee: Unarmed           |    99 |   219 ||   318
       Bite              |     5 |    25 ||    30
       Punch             |     2 |     5 ||     7
  Use: Scroll            |     1 |     4 ||     5
       Potion            |       |     5 ||     5
 Stab: Sleeping          |     1 |     4 ||     5
       Invisible         |       |     2 ||     2
Armor: Skin              |     3 |     6 ||     9
Dodge: Dodged            |    75 |   175 ||   250
